Map: Base du roi Sejong EC

Players

zidar - Winner!

  • Race: Zerg Zerg
  • League: Gold
  • Spawn Location: 5:00

TAREK

  • Race: Zerg Zerg
  • Spawn Location: 11:00

VOD

Have the link to the VOD?

Description

Time

  • Played on: June 3, 2016, 11:40 a.m.
  • Length: 5:36
Show
View Real Time Build Order
Export as new Build Order

zidar Zerg - Winner!

Build Orders: Pool First 

Get SALT Encoding   

  12  0:01  Drone  
  13  0:12  Overlord  
  13  0:17  Drone  
  13  0:20  Extractor  
  13  0:23  Drone  
  14  0:33  Drone  
  17  0:35  Drone  
  17  0:49  Spawning Pool  
  16  0:52  Drone  
  17  1:14  Hatchery  
  17  1:16  Drone  
  17  1:20  Extractor, Drone  
  17  1:36  Zergling x4  
  19  1:40  Queen  
  21  1:47  Zergling x2  
  22  2:25  Overlord  
  22  2:26  Overlord  
  19  2:44  Zergling x2  
  19  2:45  Zergling x2  
  19  3:06  Queen  
  19  3:10  Zergling x12  
  27  3:32  Metabolic Boost  
  27  3:40  Roach Warren  
  26  4:04  Queen  
  28  4:21  Roach  
  28  4:22  Roach x5  
  39  4:35  Roach x2  
  43  4:50  Drone  
  44  4:53  Overlord  
  44  5:13  Drone  
Show
View Real Time Build Order
Export as new Build Order

TAREK Zerg 

Build Orders: Pool First 

Get SALT Encoding   

  12  0:04  Drone  
  13  0:12  Drone  
  14  0:29  Spawning Pool  
  14  0:30  Drone  
  14  0:37  Overlord  
  14  1:16  Zergling x2  
  14  1:17  Zergling x4  
  17  1:28  Zergling x2  
  18  1:45  Zergling x2  
  19  1:57  Zergling x2  
  20  2:11  Zergling x4  
  20  2:30  Spine Crawler, Zergling x2  
  20  2:31  Spine Crawler  
  20  2:35  Zergling x2  
  18  2:46  Zergling x2  
  17  3:09  Zergling x4  
  17  3:21  Drone  
  17  3:24  Queen  
  20  3:34  Drone  
  21  3:36  Spine Crawler  
  21  3:39  Drone  
  21  3:47  Drone  
  21  3:52  Spine Crawler  
  20  4:02  Drone  
  21  4:08  Hatchery, Drone  
  21  4:13  Extractor  
  20  4:20  Drone  
  21  4:35  Overlord x2  
  21  4:57  Drone x3  
  26  5:12  Extractor  
  26  5:13  Drone  
Tags
 
Add a new tag
Caveats
  • Supply blocks, unpowered buildings, or Contaminate may cause inaccurate times.
  • Supply counts are checked every 10 seconds.